AoeStats
← Ivan

Arena

506381343Analyzed
1v1 RM · 18d ago on Sep 13, 2026· 43m 31s· 2 players
Game mode
Random Map
Map size
Tiny (2 player)
Population
200
Speed
Normal
Resources
Standard
Victory
Conquest
Starting age
Dark Age
Ending age
Imperial Age
RankedLock teamsTeams togetherTeam positionsShared explorationLock speedFull tech treeHidden civsTurbo modeCheats
Victory
Defeat
🇹🇼 Burgundians · Taiwan
521
+17
🇨🇿 Spanish · Czechia
548
-17
tadasu
8:16 Wheelbarrow
10:24 Double-Bit Axe
10:22 Horse Collar
13:15 Horse Collar
16:08 Feudal Age
16:24 Gold Mining
16:26 Stone Mining
16:51 Heavy Plow
17:04 Bow Saw
19:13 Stone Shaft Mining
19:15 Gold Shaft Mining
23:18 Castle Age
23:23 Hand Cart
24:59 Fervor
24:16 Pikeman
24:56 Squires
24:42 Arson
25:25 Forging
25:16 Scale Mail Armor
29:07 Two-Man Saw
28:39 Crop Rotation
28:43 Burgundian Vineyards
29:43 Elite Skirmisher
30:27 Padded Archer Armor
30:18 Fletching
30:53 Loom
33:18 Bodkin Arrow
33:38 Leather Archer Armor
37:52 Imperial Age
39:01 Conscription
39:43 Chemistry
39:04 Ballistics
39:20 Scale Barding Armor
39:17 Bracer
39:53 Iron Casting
39:34 Chain Mail Armor
40:22 Elite Coustillier
41:19 Husbandry
44:08 Chain Barding Armor
44:19 Plate Mail Armor
44:50 Blast Furnace
Ivan
2:32 Loom
12:45 Feudal Age
13:15 Horse Collar
14:36 Stone Mining
15:53 Wheelbarrow
16:24 Double-Bit Axe
21:19 Castle Age
19:48 Gold Mining
22:00 Padded Archer Armor
21:58 Fletching
23:18 Hand Cart
23:16 Bow Saw
23:20 Heavy Plow
28:25 Leather Archer Armor
28:05 Bodkin Arrow
34:32 Imperial Age
34:12 Man-at-Arms
34:37 Gambesons
34:53 Squires
36:11 Conscription
36:04 Scale Mail Armor
36:15 Forging
36:38 Ring Archer Armor
35:32 Long Swordsman
37:09 Two-Handed Swordsman
39:05 Chain Mail Armor
39:25 Iron Casting
39:40 Champion
42:04 Two-Man Saw
Connection lost

Rejoining the realm…

Still unreachable

The connection could not be restored.

Session expired

The server has moved on; the page needs a fresh start.